AoeStats
← Battousai_Mc

Nomad

506772209Analyzed
3v3 RM · 18d ago on Sep 15, 2026· 69m 42s· 6 players
Game mode
Random Map
Map size
210×210
Population
200
Speed
Normal
Resources
Standard
Victory
Conquest
Starting age
Dark Age
Ending age
Imperial Age
RankedLock teamsTeams togetherTeam positionsShared explorationLock speedFull tech treeHidden civsTurbo modeCheats
Victory
Defeat
🇨🇳 Franks · China
977
+13
🇨🇱 Chinese · Chile
897
+16
828
+20
🇺🇸 Hindustanis · United States
922
-17
🇺🇸 Celts · United States
921
-17
🇺🇸 Franks · United States
883
-15
Yelmite
9:32 Loom
16:21 Feudal Age
17:46 Double-Bit Axe
18:38 Horse Collar
24:49 Castle Age
27:59 Bow Saw
30:06 Stone Mining
30:07 Gold Mining
30:35 Scale Mail Armor
32:50 Fletching
37:36 Chain Mail Armor
37:39 Pikeman
41:06 Forging
41:59 Heavy Plow
48:33 Imperial Age
47:13 Stronghold
48:02 Bodkin Arrow
49:36 Halberdier
52:04 Plate Mail Armor
51:49 Heavy Scorpion
AirPerrone
4:49 Loom
15:09 Feudal Age
15:48 Fishing Lines
18:38 Double-Bit Axe
19:10 Bloodlines
20:03 Wheelbarrow
22:52 Scale Barding Armor
26:36 Castle Age
26:47 Gold Mining
27:11 Forging
27:31 Husbandry
27:49 Horse Collar
29:09 Medium Warships
28:50 Gillnets
29:53 Heavy Plow
32:09 Chain Barding Armor
34:43 Hand Cart
36:50 Gold Shaft Mining
38:33 Iron Casting
38:50 Grand Trunk Road
42:01 Bow Saw
46:05 Imperial Age
46:10 Heavy Camel Rider
47:29 Plate Barding Armor
47:55 Blast Furnace
49:44 Imperial Camel Rider
64:28 Heavy Warships
Ringed_bagels
13:42 Feudal Age
15:36 Loom
25:47 Castle Age
24:40 Double-Bit Axe
24:50 Gold Mining
26:34 Caravan
27:58 Scale Barding Armor
28:03 Forging
34:53 Scale Mail Armor
38:42 #83
45:24 Chain Mail Armor
45:30 Chain Barding Armor
45:45 Iron Casting
46:06 #83
52:24 Ballistics
Battousai_Mc
7:12 Loom
13:55 Feudal Age
19:36 Castle Age
17:50 Stone Mining
25:55 Double-Bit Axe
25:55 Fishing Lines
27:58 Horse Collar
29:36 Ballistics
29:10 Fletching
29:46 Bow Saw
29:37 Gold Mining
33:21 Gold Shaft Mining
34:45 Wheelbarrow
34:43 Bodkin Arrow
34:48 Padded Archer Armor
37:18 Hand Cart
36:49 Town Watch
39:51 Imperial Age
37:07 Town Watch
39:37 Hand Cart
41:33 Conscription
40:37 Elite Chu Ko Nu
42:37 Bracer
42:53 Leather Archer Armor
42:05 Capped Ram
46:45 Ring Archer Armor
47:53 Siege Ram
64:59 Spies/Treason
M. M. Hombre Metrico Decimal
14:48 Feudal Age
20:52 Castle Age
22:43 Gold Mining
22:41 Double-Bit Axe
25:43 Pikeman
26:25 Husbandry
27:04 Horse Collar
34:47 Bow Saw
39:20 Imperial Age
36:45 Fletching
38:22 Town Watch
39:51 Town Patrol
40:27 Wheelbarrow
39:37 Loom
41:45 Squires
42:17 Bloodlines
42:15 Marauders
43:26 Conscription
44:06 Padded Archer Armor
44:36 Heavy Plow
45:22 Light Cavalry
47:36 Hand Cart
51:42 Forging
53:50 Iron Casting
53:16 Scale Mail Armor
57:29 Parthian Tactics
59:55 Stone Mining
60:40 Gold Shaft Mining
60:58 Medium Warships
61:18 Elite Tarkan
62:58 Caravan
64:18 Heavy Warships
65:52 Spies/Treason
犹豫就会败北
6:08 Loom
17:31 Feudal Age
24:13 Castle Age
26:56 Medium Warships
30:58 Imperial Age
29:33 Double-Bit Axe
30:28 Wheelbarrow
31:09 Town Watch
33:01 Bow Saw
33:30 Hand Cart
34:29 Cavalier
35:54 Scale Barding Armor
36:00 Forging
38:46 Husbandry
39:10 Chain Barding Armor
39:26 Iron Casting
39:57 Town Patrol
40:19 Paladin
42:30 Gold Mining
42:33 Stone Mining
45:00 Gold Shaft Mining
47:37 Plate Barding Armor
48:02 Blast Furnace
46:53 Fletching
49:01 Conscription
54:32 Bodkin Arrow
61:11 Ballistics
61:52 Chemistry
62:22 Heavy Warships
62:23 Clinker Construction
62:25 Careening
Connection lost

Rejoining the realm…

Still unreachable

The connection could not be restored.

Session expired

The server has moved on; the page needs a fresh start.